 Dungeon Crawl Stone Soup version 0.30-a0-743-gbfdf073431 (webtiles) character file.

Game seed: 3547836259486333382

354 DeathSun the Ruffian (level 6, 47/47 HPs)
             Began as a Draconian Transmuter on Feb 7, 2023.
             Was an Initiate of Ashenzari.
             Quit the game on level 4 of the Dungeon.
             The game lasted 00:10:19 (3140 turns).

DeathSun the Ruffian (Draconian Transmuter)         Turns: 3140, Time: 00:10:20

Health: 47/47      AC:  6    Str: 15    XL:     6   Next: 35%
Magic:  8/9        EV: 12    Int: 13    God:    Ashenzari [......]
Gold:   147        SH:  0    Dex: 11    Spells: 6/9 levels left

rFire   . . .      SeeInvis .      - Unarmed
rCold   . . .      Faith    .    (no shield)
rNeg    . . .      Spirit   .    (body armour unavailable)
rPois   .          Reflect  .    (helmet currently unavailable)
rElec   .          Harm     .    (no cloak)
rCorr   .          Rampage  .    (no gloves)
Will    .....                    (boots currently unavailable)
Stlth   +                        (no amulet)
HPRegen 0.27/turn                (no ring)
MPRegen 0.11/turn                (no ring)

@: appendages
A: horns 2, talons 2, AC +6, unfitting armour, cold-blooded
a: End Transformation, Renounce Religion, Curse Item


You were on level 4 of the Dungeon.
You worshipped Ashenzari.
Ashenzari was noncommittal.
You had temporarily grown beastly horns and talons.
You visited 1 branch of the dungeon, and saw 4 of its levels.
You also visited: Sewer.

You collected 147 gold pieces.

Inventory:

Missiles
 t - 4 javelins
Jewellery
 p - a ring of see invisible
 q - a ring of poison resistance
Scrolls
 b - 2 scrolls of teleportation
 d - a scroll of fog {unknown}
 e - a scroll of immolation {unknown}
 g - 3 scrolls of identify {unknown}
 k - a scroll of brand weapon {unknown}
 m - a scroll of magic mapping {unknown}
 s - a scroll of poison {unknown}
Potions
 a - a potion of lignification
 c - a potion of berserk rage {unknown}
 f - a potion of degeneration {unknown}
 h - a potion of curing {unknown}
 i - 4 potions of heal wounds {unknown}
 j - 2 potions of brilliance {unknown}
 l - 6 potions of mutation {unknown}
 n - 2 potions of might {unknown}
 o - a potion of magic {unknown}
 r - a potion of invisibility {unknown}


   Skills:
 - Level 1.1 Fighting
 - Level 1.7 Dodging
 * Level 6.2 Unarmed Combat
 - Level 2.0 Spellcasting
 + Level 4.1 Transmutations


You had 6 spell levels left.
You knew the following spells:

 Your Spells              Type           Power      Damage    Failure   Level
a - Beastly Appendage     Tmut           24%        N/A       4%          1
b - Wereblood             Tmut           12%        N/A       7%          2

Your spell library contained the following spells:

 Spells                   Type           Power      Damage    Failure   Level
 Spider Form              Tmut/Pois      6%         N/A       32%         3
 Ignite Poison            Fire/Tmut/Pois 4%         N/A       41%         3
 Kindle Blastsparks       Fire/Tloc/Air  2%         2d10      58%         3
 Ice Form                 Ice/Tmut       6%         N/A       73%         4
 Freezing Cloud           Conj/Ice/Air   0%         6-21      100%        5


Dungeon Overview and Level Annotations

Branches:
Dungeon (4/15)              Sewer (visited)
 Temple: D:4-7

Altars:
Ashenzari
Ru
Xom

Shops:
D:2 (


Innate Abilities, Weirdness & Mutations

You have temporarily grown beastly horns and talons.
Your plain brown scales are hard. (AC +6)
You cannot fit into any form of body armour.
You are cold-blooded and may be slowed by cold attacks.


Message History

Confirm with . or Enter, or press ? or * to list all spells.
You grow a pair of large bovine horns.
Your feet morph into talons.
A ball python comes into view.
Found 4 javelins.
The ball python hisses angrily.
Found a scroll labelled ECEEMO OLUFRA and a scroll labelled LEPAEM WUOSM.
The dart slug barely misses you.
You hit the dart slug. You claw the dart slug. You headbutt the dart slug.
You kill the dart slug!
You punch the ball python!
You kill the ball python!
No target in view!
No target in view!
Magic restored.
Found a stone staircase leading up.
You see here a ball python corpse.
Your transformation is almost over.
r - a bubbling sapphire potion
g - 3 scrolls labelled ECEEMO OLUFRA (gained 1)
s - a scroll labelled LEPAEM WUOSM Your horns disappear.
Your talons disappear.
Casting: Beastly Appendage (safe; 4% risk of failure)
Confirm with . or Enter, or press ? or * to list all spells.
You grow a pair of large bovine horns.
Your feet morph into talons.
No target in view!
No target in view!
No target in view!
Ashenzari invites you to partake of a vision and a curse of companions and introspection.
Okay, then.
You see here 4 javelins.
t - 4 javelins You aren't wearing any cursable items.
Okay, then.
Save game and exit? [Y]es or [N]o only, please.
Save game and exit?
Welcome back, DeathSun the Draconian Transmuter.
Ashenzari says: Partake of my vision.
Partake of my curse.
Press ? for a list of commands and other information.
Are you sure you want to abandon this character and quit the game? (Confirm with "yes".)

#.### # #.#<#
#.#.#.# .#
#####.#.#.# .#
........#.# .#
######..†.##.######
###...........
##........#
#.@......+
#........#
#........#
#........#
#.......$#
#........#
#........#
##########


There were no monsters in sight!

Vanquished Creatures
  Pargi (Sewer)
  Terence (D:2)
  Natasha (thrice) (D:2)
  7 adders
  A river rat (D:3)
  4 dart slugs
  2 orcs (D:3)
  8 ball pythons
  7 endoplasms
  5 giant cockroaches
  5 goblins
  2 hobgoblins
  6 jackals
  3 quokkas
  9 bats
  6 frilled lizards
  4 kobolds
  10 rats
  A spectral kobold (D:2)
85 creatures vanquished.

Vanquished Creatures (others)
  A jackal (D:3)
  A rat (D:3)
2 creatures vanquished.

Grand Total: 87 creatures vanquished

Notes
Turn   | Place    | Note
-------+----------+-------------------------------------------
     0 | D:1      | DeathSun the Draconian Transmuter began the quest for the
                  | Orb.
     0 | D:1      | Reached XP level 1. HP: 16/16 MP: 3/3
   296 | D:1      | Reached XP level 2. HP: 22/23 MP: 3/5
  1068 | D:2      | Reached XP level 3. HP: 23/28 MP: 6/6
  1119 | D:2      | Noticed Natasha
  1126 | D:2      | Reached skill level 4 in Unarmed Combat
  1127 | D:2      | Killed Natasha
  1296 | D:2      | Reached XP level 4. HP: 35/35 MP: 5/7
  1319 | D:2      | Found Cucacw's Weapon Shoppe.
  1461 | D:2      | Noticed Natasha
  1473 | D:2      | Killed Natasha
  1476 | D:2      | Found a faded altar of an unknown god.
  1502 | D:2      | Prayed at the altar of an unknown god.
  1502 | D:2      | Became a worshipper of Ru the Awakened
  1537 | D:2      | Noticed Natasha
  1547 | D:2      | Killed Natasha
  1548 | D:2      | Reached skill level 5 in Unarmed Combat
  1548 | D:2      | Reached XP level 5. HP: 22/40 MP: 8/8
  1688 | D:2      | Noticed Terence
  1701 | D:2      | Killed Terence
  1706 | D:2      | Learned a level 2 spell: Wereblood
  1909 | D:3      | Found a glowing drain.
  1921 | Sewer    | Entered a sewer
  1993 | Sewer    | Noticed Pargi
  2000 | Sewer    | Killed Pargi
  2001 | Sewer    | Reached XP level 6. HP: 41/47 MP: 7/9
  2214 | D:3      | Found a broken altar of Ashenzari.
  2356 | D:3      | Fell from the grace of Ru
  2356 | D:3      | Became a worshipper of Ashenzari the Shackled
  2392 | D:3      | Reached skill level 6 in Unarmed Combat
  2545 | D:3      | Found a shimmering altar of Xom.
  3140 | D:4      | Quit the game

Illustrated notes

Levels and vault maps discovered:
D:1:      amcnicky_arrival_abandoned_market, layout_basic, minmay_bisected
D:2:      layout_rooms, serial_shops, shop,
          dreamdust_ecumenical_altar_drowned_temple, uniq_natasha, uniq_terence
D:3:      layout_loops_corners, cheibrodos_ashenzari_chains,
          xom_confusion_cloud, portal_sewer_entry_e
D:4:      layout_basic, st_stairs_9, uniq_grinder

Skill      XL: |  1  2  3  4  5  6 |
---------------+-------------------+-----
Unarmed Combat | 4 5 6 |  6.2
Transmutations | 3 4 |  4.1
Fighting       | |  1.1
Dodging        | |  1.7
Spellcasting   | |  2.0

Action                     |  1- 3 |  4- 6 || total
---------------------------+-------+-------++-------
  Melee: Unarmed           |    70 |   171 ||   241
         Kick              |    11 |    31 ||    42
         Headbutt          |     9 |    19 ||    28
         Tailslap          |     7 |     5 ||    12
         Punch             |     1 |     3 ||     4
   Cast: Beastly Appendage |    14 |    30 ||    44
         Wereblood         |       |     4 ||     4
 Invoke: Reject Sacrifices |       |     1 ||     1
    Use: Scroll            |       |     1 ||     1
   Stab: Sleeping          |       |     1 ||     1
 Armour: Skin              |    20 |    62 ||    82
  Dodge: Dodged            |    47 |   114 ||   161

Table legend: (Time is in decaauts)
 A = Elapsed time spent in this place.
 B = Non-inter-level travel time spent in this place.
 C = Inter-level travel time spent in this place.
 D = Time resting spent in this place.
 E = Time spent auto-exploring this place.
 F = Levels seen in this place.
 G = Mean time per level.
                   A        B        C        D        E       F      G
               +--------+--------+--------+--------+--------+-----+--------+
         Total |   3184 |   3052 |    132 |      0 |   2369 |   5 |  636.8 |
       Dungeon |   2957 |   2825 |    132 |      0 |   2240 |   4 |  739.2 |
         Sewer |    226 |    226 |      0 |      0 |    129 |   1 |  226.0 |
               +--------+--------+--------+--------+--------+-----+--------+

Top non-repeatable levels by time:
     D:3: 1044 daAuts
     D:1: 979 daAuts
     D:2: 895 daAuts
   Sewer: 226 daAuts
     D:4: 38 daAuts
